ESL (28 & UNDER)
RIO GRANDE RATTLESNAKE @ KINGSTON IGUANAS
07/31/2027
 
TOP OF THE 1ST
Rio Grande Rattlesnake batting - Pitching for Kingston Iguanas : RHP Tom Hicks
Pitching: RHP Tom Hicks
Batting: SHB William Daly 0-0: Ball
1-0: DOUBLE (Line Drive, 7LS)
Batting: RHB Jeff Bane 0-0: Ground out 4-3 (Groundball, 4M)
William Daly to third
Batting: RHB Miguel Hernández 0-0: Called Strike
0-1: Foul Ball, location: 2F
0-2: Foul Ball, location: 2F
0-2: Ball
1-2: Strikes out swinging
Batting: RHB Rafael Carreón 0-0: Foul Ball, location: 2F
0-1: Called Strike
0-2: Ball
1-2: Ball
2-2: Foul Ball, location: 2F
2-2: Foul Ball, location: 2F
2-2: Strikes out swinging
Top of the 1st over - 0 run(s), 1 hit(s), 0 error(s), 1 left on base; Rio Grande 0 - Kingston 0
BOTTOM OF THE 1ST
Kingston Iguanas batting - Pitching for Rio Grande Rattlesnake : RHP Manny Silva
Pitching: RHP Manny Silva
Batting: RHB Jesús Villalobos 0-0: Called Strike
0-1: Ground out 4-3 (Groundball, 4)
Batting: LHB Will Holt 0-0: Called Strike
0-1: Foul Ball, location: 2F
0-2: Ball
1-2: Ball
2-2: Strikes out swinging
Batting: LHB Poto Vasilini 0-0: Ball
1-0: Foul Ball, location: 2F
1-1: Ball
2-1: Fly out, F8 (Line Drive, 78D)
Bottom of the 1st over - 0 run(s), 0 hit(s), 0 error(s), 0 left on base; Rio Grande 0 - Kingston 0
TOP OF THE 2ND
Rio Grande Rattlesnake batting - Pitching for Kingston Iguanas : RHP Tom Hicks
Batting: RHB Iván De Jesús 0-0: Fly out, F9 (Flyball, 9)
Batting: RHB Liangde Que 0-0: Foul Ball, location: 2F
0-1: Foul Ball, location: 2F
0-2: Ground out 5-3 (Groundball, 56)
Batting: RHB Doug Delaney 0-0: Called Strike
0-1: Called Strike
0-2: Ball
1-2: Ball
2-2: Ground out U3 (Groundball, 3)
Top of the 2nd over - 0 run(s), 0 hit(s), 0 error(s), 0 left on base; Rio Grande 0 - Kingston 0
BOTTOM OF THE 2ND
Kingston Iguanas batting - Pitching for Rio Grande Rattlesnake : RHP Manny Silva
Batting: RHB Luis Aguilar 0-0: Called Strike
0-1: Ball
1-1: Ball
2-1: SINGLE (Line Drive, 7S)
Batting: SHB Yasuhiro Ikarashi 0-0: Ball
1-0: Called Strike
1-1: Called Strike
1-2: Foul Ball, location: 2F
1-2: 2-RUN HOME RUN (Flyball, 89XD), Distance : 414 ft
Batting: SHB Devin Smith 0-0: Called Strike
0-1: Swinging Strike
0-2: Ball
1-2: Foul Ball, location: 2F
1-2: Ball
2-2: SOLO HOME RUN (Line Drive, 7LD), Distance : 363 ft
Batting: RHB Matt Rodríguez 0-0: Foul Ball, location: 2F
0-1: Called Strike
0-2: Ball
1-2: Strikes out swinging
Batting: RHB Diego Francisco 0-0: Called Strike
0-1: Called Strike
0-2: Ball
1-2: Foul Ball, location: 2F
1-2: Foul Ball, location: 2F
1-2: Foul Ball, location: 2F
1-2: Strikes out swinging
Batting: RHB Ken MacDonald 0-0: Ball
1-0: Ball
2-0: Foul Ball, location: 2F
2-1: SINGLE (Line Drive, 56D)
Batting: RHB Jesús Villalobos 0-0: Ball
1-0: SINGLE (Groundball, 6M) (infield hit)
Ken MacDonald to second
Batting: LHB Will Holt 0-0: Swinging Strike
0-1: Swinging Strike
0-2: Ball
1-2: Ball
2-2: Strikes out swinging
Bottom of the 2nd over - 3 run(s), 5 hit(s), 0 error(s), 2 left on base; Rio Grande 0 - Kingston 3
TOP OF THE 3RD
Rio Grande Rattlesnake batting - Pitching for Kingston Iguanas : RHP Tom Hicks
Batting: RHB Juan López 0-0: Called Strike
0-1: Ball
1-1: Foul Ball, location: 2F
1-2: SINGLE (Groundball, 6D)
Batting: SHB Jeremy Holmes 0-0: Ball
1-0: Ground out 3-1 (Groundball, 34S)
Juan López to second
Batting: SHB William Daly 0-0: Called Strike
0-1: Fly out, F7 (Flyball, 7)
Batting: RHB Jeff Bane 0-0: Single, Error in OF, E8, batter to second base
Juan López scores
Batting: RHB Miguel Hernández 0-0: Called Strike
0-1: Ball
1-1: Ball
2-1: Swinging Strike
2-2: Foul Ball, location: 2F
2-2: Fly out, F8 (Line Drive, 78XD)
Top of the 3rd over - 1 run(s), 2 hit(s), 1 error(s), 1 left on base; Rio Grande 1 - Kingston 3
BOTTOM OF THE 3RD
Kingston Iguanas batting - Pitching for Rio Grande Rattlesnake : RHP Manny Silva
Batting: LHB Poto Vasilini 0-0: Ball
1-0: Foul Ball, location: 2F
1-1: Ground out 5-3 (Groundball, 56)
Batting: RHB Luis Aguilar 0-0: Ball
1-0: Ground out 6-3 (Groundball, 6MD)
Batting: SHB Yasuhiro Ikarashi 0-0: Ball
1-0: Ball
2-0: SINGLE (Line Drive, 7LS)
Batting: SHB Devin Smith 0-0: Ball
1-0: Ball
2-0: Foul Ball, location: 2F
2-1: Ball
3-1: Called Strike
3-2: Foul Ball, location: 2F
3-2: Ground out 4-3 (Groundball, 34)
Bottom of the 3rd over - 0 run(s), 1 hit(s), 0 error(s), 1 left on base; Rio Grande 1 - Kingston 3
TOP OF THE 4TH
Rio Grande Rattlesnake batting - Pitching for Kingston Iguanas : RHP Tom Hicks
Batting: RHB Rafael Carreón 0-0: Called Strike
0-1: Ball
1-1: DOUBLE (Groundball, 5L)
Batting: RHB Iván De Jesús 0-0: Ball
1-0: Ground out 1-3 (Groundball, P)
Rafael Carreón to third
Batting: RHB Liangde Que 0-0: Ball
1-0: Ball
2-0: Called Strike
2-1: Ball
3-1: Foul Ball, location: 2F
3-2: Base on Balls
Batting: RHB Doug Delaney 0-0: SINGLE (Flyball, 78S)
Rafael Carreón scores
Liangde Que to second
Batting: RHB Juan López 0-0: Called Strike
0-1: Foul Ball, location: 2F
0-2: Ball
1-2: SINGLE (Groundball, 4D)
Liangde Que to third
Doug Delaney to second
Runner from 3rd tries for Home, SAFE, throw made home
Doug Delaney to third
Juan López to second
Batting: SHB Jeremy Holmes 0-0: Swinging Strike
0-1: Ball
1-1: Foul Ball, location: 2F
1-2: Ball
2-2: Reached via error on a dropped throw, E1
Doug Delaney scores
Juan López to third
Batting: SHB William Daly 0-0: Foul Ball, location: 2F
0-1: DOUBLE (Flyball, 89D)
Juan López scores
Jeremy Holmes to third
Batting: RHB Jeff Bane 0-0: Ball
1-0: Ball
2-0: Ground out 6-3 (Groundball, 6S)
Jeremy Holmes scores
William Daly to third
Pitching: RHP Ron Jenkins
Batting: RHB Miguel Hernández 0-0: Foul Ball, location: 2F
0-1: Called Strike
0-2: Ball
1-2: Ball
2-2: Strikes out looking
Top of the 4th over - 5 run(s), 4 hit(s), 1 error(s), 1 left on base; Rio Grande 6 - Kingston 3
BOTTOM OF THE 4TH
Kingston Iguanas batting - Pitching for Rio Grande Rattlesnake : RHP Manny Silva
Batting: RHB Matt Rodríguez 0-0: Ball
1-0: Called Strike
1-1: SINGLE (Line Drive, 89S)
Batting: RHB Diego Francisco 0-0: Ball
1-0: Swinging Strike
1-1: Fly out, F9 (Flyball, 89M)
Batting: RHB Ken MacDonald 0-0: Called Strike
0-1: Foul Ball, location: 2F
0-2: Ball
1-2: Ball
2-2: Strikes out swinging
Batting: RHB Jesús Villalobos 0-0: Called Strike
0-1: Ball
1-1: Ball
2-1: SINGLE (Groundball, 6MD)
Matt Rodríguez to second
Batting: LHB Will Holt 0-0: Called Strike
0-1: Ball
1-1: Foul Ball, location: 2F
1-2: Foul Ball, location: 2F
1-2: Strikes out swinging
Bottom of the 4th over - 0 run(s), 2 hit(s), 0 error(s), 2 left on base; Rio Grande 6 - Kingston 3
TOP OF THE 5TH
Rio Grande Rattlesnake batting - Pitching for Kingston Iguanas : RHP Ron Jenkins
Batting: RHB Rafael Carreón 0-0: Ball
1-0: Ball
2-0: Called Strike
2-1: Foul Ball, location: 2F
2-2: Foul Ball, location: 2F
2-2: Ball
3-2: Strikes out swinging
Batting: RHB Iván De Jesús 0-0: Called Strike
0-1: Ball
1-1: Called Strike
1-2: Strikes out swinging
Batting: RHB Liangde Que 0-0: Ball
1-0: Called Strike
1-1: Ball
2-1: Ground out 6-3 (Groundball, 6)
Top of the 5th over - 0 run(s), 0 hit(s), 0 error(s), 0 left on base; Rio Grande 6 - Kingston 3
BOTTOM OF THE 5TH
Kingston Iguanas batting - Pitching for Rio Grande Rattlesnake : RHP Manny Silva
Batting: LHB Poto Vasilini 0-0: Ball
1-0: Swinging Strike
1-1: Ball
2-1: Called Strike
2-2: Ball
3-2: Strikes out looking
Batting: RHB Luis Aguilar 0-0: Ball
1-0: SINGLE (Flyball, 89S)
Batting: SHB Yasuhiro Ikarashi 0-0: DOUBLE (Flyball, 8RXD)
Luis Aguilar to third
Batting: SHB Devin Smith 0-0: Ball
1-0: Ball
2-0: Ball
3-0: Called Strike
3-1: Swinging Strike
3-2: Foul Ball, location: 2F
3-2: Base on Balls
Pitching: RHP Brendan Green
Batting: RHB Matt Rodríguez 0-0: DOUBLE (Flyball, 7D)
Luis Aguilar scores
Yasuhiro Ikarashi scores
Devin Smith to third
Runner from 3rd tries for Home, SAFE, no throw
Batting: RHB Diego Francisco 0-0: Ball
1-0: Ball
2-0: Ball
3-0: Called Strike
3-1: Base on Balls
Batting: RHB Ken MacDonald 0-0: Called Strike
0-1: Ball
1-1: Ball
2-1: Called Strike
2-2: Ball
3-2: Grounds into double play, 1-6-3 (Groundball, P)
Bottom of the 5th over - 3 run(s), 3 hit(s), 0 error(s), 1 left on base; Rio Grande 6 - Kingston 6
TOP OF THE 6TH
Rio Grande Rattlesnake batting - Pitching for Kingston Iguanas : RHP Ron Jenkins
Batting: RHB Doug Delaney 0-0: Foul Ball, location: 2F
0-1: Foul Ball, location: 2F
0-2: Ball
1-2: Ball
2-2: DOUBLE (Groundball, 5L)
Batting: RHB Juan López 0-0: Intentional Walk
Batting: SHB Jeremy Holmes 0-0: Grounds into double play, 6-4-3 (Groundball, 6M)
Doug Delaney to third
Batting: SHB William Daly 0-0: Called Strike
0-1: Foul Ball, location: 2F
0-2: Ball
1-2: Ground out 6-3 (Groundball, 6M)
Top of the 6th over - 0 run(s), 1 hit(s), 0 error(s), 1 left on base; Rio Grande 6 - Kingston 6
BOTTOM OF THE 6TH
Kingston Iguanas batting - Pitching for Rio Grande Rattlesnake : RHP Brendan Green
Batting: RHB Jesús Villalobos 0-0: Ball
1-0: Ball
2-0: Ball
3-0: Base on Balls
Batting: LHB Will Holt 0-0: Fly out, F6 (Line Drive, 6D)
Batting: LHB Poto Vasilini 0-0: Called Strike
Jesús Villalobos steals 2nd base
0-1: Called Strike
0-2: Ball
1-2: Foul Ball, location: 2F
1-2: Foul Ball, location: 2F
1-2: Ball
2-2: Ball
3-2: Base on Balls
Batting: RHB Luis Aguilar 0-0: Called Strike
0-1: Ball
1-1: SINGLE (Groundball, 4D)
Jesús Villalobos to third
Poto Vasilini to second
Runner from 3rd tries for Home, throw and OUT!
Batting: SHB Yasuhiro Ikarashi 0-0: Ball
1-0: Called Strike
1-1: Ball
2-1: Ball
3-1: Base on Balls
Poto Vasilini to third
Luis Aguilar to second
Batting: SHB Devin Smith 0-0: Ball
1-0: Foul Ball, location: 2F
1-1: Ball
2-1: Called Strike
2-2: Strikes out swinging
Bottom of the 6th over - 0 run(s), 1 hit(s), 0 error(s), 3 left on base; Rio Grande 6 - Kingston 6
TOP OF THE 7TH
Rio Grande Rattlesnake batting - Pitching for Kingston Iguanas : RHP Ron Jenkins
Pinch Hitting: RHB Paul Martin 0-0: Called Strike
0-1: Foul Ball, location: 2F
0-2: Ball
1-2: Ball
2-2: Ball
3-2: Strikes out swinging
Batting: RHB Miguel Hernández 0-0: Called Strike
0-1: Ball
1-1: Foul Ball, location: 2F
1-2: Ball
2-2: SINGLE (Groundball, 6D)
Batting: RHB Rafael Carreón 0-0: Called Strike
0-1: Foul Ball, location: 2F
0-2: SINGLE (Groundball, 56D)
Miguel Hernández to second
Pinch Hitting: LHB Claudio Rodríguez 0-0: Foul Ball, location: 2F
0-1: Foul Ball, location: 2F
0-2: Foul Ball, location: 2F
0-2: Ball
1-2: Ball
2-2: Ball
3-2: Fly out, F3 (Line Drive, 3)
Lined into DP, U3 (Line Drive, 3)
Top of the 7th over - 0 run(s), 2 hit(s), 0 error(s), 1 left on base; Rio Grande 6 - Kingston 6
BOTTOM OF THE 7TH
Kingston Iguanas batting - Pitching for Rio Grande Rattlesnake : RHP Brendan Green
Now at 1B: Claudio Rodríguez
Now in CF: Brian Moyer
Batting: RHB Matt Rodríguez 0-0: Ball
1-0: Swinging Strike
1-1: Swinging Strike
1-2: Foul Ball, location: 2F
1-2: DOUBLE (Line Drive, 78M)
Batting: RHB Diego Francisco 0-0: Called Strike
0-1: Swinging Strike
0-2: Ball
1-2: Strikes out swinging
Pinch Hitting: LHB Billy Anderson 0-0: Ball
1-0: Called Strike
1-1: Foul Ball, location: 2F
1-2: SINGLE (Groundball, 4MD)
Matt Rodríguez to third
Runner from 3rd tries for Home, SAFE, throw made home
Batting: RHB Jesús Villalobos 0-0: Called Strike
0-1: Ball
1-1: Ball
2-1: Ground out 6-3 (Groundball, 6MS)
Billy Anderson to second
Pinch Hitting: RHB Bobby Armstrong 0-0: Swinging Strike
0-1: Called Strike
0-2: Strikes out swinging, 2-3 out at first.
Bottom of the 7th over - 1 run(s), 2 hit(s), 0 error(s), 1 left on base; Rio Grande 6 - Kingston 7
TOP OF THE 8TH
Rio Grande Rattlesnake batting - Pitching for Kingston Iguanas : RHP Ron Jenkins
Pitching: RHP Jesús Gonzáles
Now at 2B: Bill Crawley
Now at 3B: Bobby Armstrong
Batting: RHB Liangde Que 0-0: Ball
1-0: Foul Ball, location: 2F
1-1: Swinging Strike
1-2: Foul Ball, location: 2F
1-2: Foul Ball, location: 2F
1-2: Strikes out swinging
Pitching: RHP Brandon Malet
Batting: RHB Doug Delaney 0-0: Ball
1-0: Foul Ball, location: 2F
1-1: Called Strike
1-2: Strikes out swinging
Batting: RHB Juan López 0-0: Called Strike
0-1: Ball
1-1: Swinging Strike
1-2: Strikes out swinging
Top of the 8th over - 0 run(s), 0 hit(s), 0 error(s), 0 left on base; Rio Grande 6 - Kingston 7
BOTTOM OF THE 8TH
Kingston Iguanas batting - Pitching for Rio Grande Rattlesnake : RHP Brendan Green
Batting: LHB Poto Vasilini 0-0: Called Strike
0-1: Called Strike
0-2: Ball
1-2: Strikes out swinging
Batting: RHB Luis Aguilar 0-0: Swinging Strike
0-1: Ground out 1-3 (Groundball, 13)
Batting: SHB Yasuhiro Ikarashi 0-0: Ball
1-0: Ball
2-0: Called Strike
2-1: Ground out 4-3 (Groundball, 34D)
Bottom of the 8th over - 0 run(s), 0 hit(s), 0 error(s), 0 left on base; Rio Grande 6 - Kingston 7
TOP OF THE 9TH
Rio Grande Rattlesnake batting - Pitching for Kingston Iguanas : RHP Brandon Malet
Pitching: RHP Guo-fang Juan
Pinch Hitting: RHB Hollis Wood 0-0: Ball
1-0: Ball
2-0: Ball
3-0: Called Strike
3-1: Foul Ball, location: 2F
3-2: SINGLE (Line Drive, 56D)
Pinch Runner at 1st Chris Charles:
Batting: SHB William Daly 0-0: Ball
1-0: Called Strike
1-1: Ball
2-1: Bunted foul
2-2: Ball
3-2: Foul Ball, location: 2F
3-2: 2-RUN HOME RUN (Flyball, 9D), Distance : 374 ft
Pitching: RHP Chandler Lindsey
Batting: SHB Brian Moyer 0-0: Ground out 4-3 (Groundball, 4)
Batting: RHB Miguel Hernández 0-0: Called Strike
0-1: Swinging Strike
0-2: Ball
1-2: Foul Ball, location: 2F
1-2: Ball
2-2: Foul Ball, location: 2F
2-2: SINGLE (Groundball, 6MD)
Batting: RHB Rafael Carreón 0-0: Fly out, F7 (Flyball, 7D)
Pitching: LHP Ray McKnight
Pinch Hitting: RHB Joe Courtier 0-0: Ball
1-0: Called Strike
1-1: Called Strike
1-2: Foul Ball, location: 2F
1-2: Ball
2-2: Ball
Miguel Hernández steals 2nd base
3-2: Foul Ball, location: 2F
3-2: Base on Balls
Pitching: RHP Matt Nance
Batting: RHB Liangde Que 0-0: Called Strike
0-1: Swinging Strike
0-2: Strikes out swinging
Top of the 9th over - 2 run(s), 3 hit(s), 0 error(s), 2 left on base; Rio Grande 8 - Kingston 7
BOTTOM OF THE 9TH
Kingston Iguanas batting - Pitching for Rio Grande Rattlesnake : RHP Brendan Green
Pitching: RHP Frank Martin
Now in CF: Joe Courtier
Batting: SHB Devin Smith 0-0: Called Strike
Now at 2B: Chris Charles 0-1: Ball
1-1: Ground out 6-3 (Groundball, 6)
Batting: RHB Matt Rodríguez 0-0: SINGLE (Line Drive, 56D)
Batting: RHB Diego Francisco 0-0: Ball
1-0: Called Strike
1-1: Ball
2-1: Foul Ball, location: 2F
2-2: Foul Ball, location: 2F
2-2: Strikes out swinging
Pinch Hitting: LHB Mike Godfrey 0-0: Ball
1-0: Ball
2-0: Called Strike
2-1: Fly out, F6 (Popup, 6MD)
Bottom of the 9th over - 0 run(s), 1 hit(s), 0 error(s), 1 left on base; Rio Grande 8 - Kingston 7
Thursday, March 30th, 2017 - OOTP Baseball 17.12 Build 75